 Dungeon Crawl Stone Soup version 0.18-a0-1123-gbd92598 (webtiles) character file.

717 Gruud the Basher (level 7, -2/66 HPs)
             Began as an Ogre Warper on Jan 19, 2016.
             Was an Initiate of Qazlal.
             Slain by a quokka (3 damage)
             ... on level 5 of the Dungeon.
             The game lasted 00:29:04 (5344 turns).

Gruud the Basher (Ogre Warper)                      Turns: 5344, Time: 00:29:05

Health: -2/66      AC:  6    Str: 18    XL:     7   Next: 70%
Magic:  19/19      EV:  6    Int: 13    God:    Qazlal [......]
Gold:   181        SH:  6    Dex:  9    Spells: 3 memorised, 4 levels left

rFire  . . .     SeeInvis .     a - +1 mace
rCold  . . .     Gourm    .     b - +0 robe
rNeg   . . .     Faith    .     m - +0 shield
rPois  .         Spirit   .     (helmet restricted)
rElec  .         Dismiss  .     n - +2 cloak
rCorr  .         Reflect  .     (gloves unavailable)
SustAt .         Harm     .     (boots unavailable)
MR     .....                    (no amulet)
Stlth  +.........               (no ring)
                                u - ring of magical power

@: slowed, drained, very slow, not resistant to hostile enchantments, very
unstealthy
A: unfitting armour, tough skin 1
a: Renounce Religion


You were on level 5 of the Dungeon.
You worshipped Qazlal.
Qazlal was noncommittal.
You were hungry.

You visited 1 branch of the dungeon, and saw 5 of its levels.

You collected 181 gold pieces.

Inventory:

Hand Weapons
 a - a +1 mace (weapon)
 q - a +2 bardiche of chopping
Missiles
 e - 5 tomahawks of dispersal
 h - 129 stones (quivered)
 p - 29 poisoned needles
Armour
 b - a +0 robe (worn)
 m - a +0 shield (worn)
 n - a +2 cloak (worn)
Jewellery
 u - a ring of magical power (left hand)
Scrolls
 d - a scroll of blinking
 g - a scroll of recharging
 i - a scroll of magic mapping {unknown}
 k - 2 scrolls of enchant armour
 o - 2 scrolls of identify
 v - a scroll of enchant weapon
Books
 c - a book of Spatial Translocations

   Spells                             Type                      Level
   a - Apportation                    Translocation                1
   b - Blink                          Translocation                2
   c - Shroud of Golubria             Charms/Translocation         2
   d - Portal Projectile              Translocation                3
   e - Teleport Other                 Translocation                3
   f - Passage of Golubria            Translocation                4
Comestibles
 f - 3 bread rations
 l - a meat ration
 s - 2 fruits


   Skills:
 - Level 2.6(1.9) Fighting
 * Level 8.0(7.1) Maces & Flails
 - Level 5.1(4.2) Throwing
 - Level 2.1(1.3) Dodging
 - Level 2.4(1.6) Spellcasting
 * Level 3.0(2.2) Translocations


You had 4 spell levels left.
You knew the following spells:

 Your Spells              Type           Power        Failure   Level  Hunger
a - Apportation           Tloc           #.........   78%         1    ##.....
b - Blink                 Tloc           N/A          93%         2    ###....
c - Portal Projectile     Tloc           #.....       99%         3    ####...


Dungeon Overview and Level Annotations

Branches:
Dungeon (5/15)             Temple (0/1) D:5

Altars:
Dithmenos
Okawaru
Pakellas
Qazlal

Shops:
D:5 }

Annotations:
D:4 Grinder


Innate Abilities, Weirdness & Mutations

You are too large for most types of armour.
You have tough skin (AC +1).


Message History

Unknown command.
Unknown command.
Your surroundings suddenly seem different.
A giant frog comes into view.
The giant frog gives a loud, deep croak!
Found a meat ration.
Found Ruhan's Quality Used Wands.
Found a stone staircase leading down.
A quokka comes into view.
The giant frog hits you.
* * * LOW HITPOINT WARNING * * *
A crimson imp comes into view.
You block the giant frog's attack.
The crimson imp shouts!
The giant frog barely misses you. The giant frog completely misses you.
A crimson imp comes into view.
The crimson imp shouts!
The giant frog hits you.
* * * LOW HITPOINT WARNING * * *
The quokka bites you.
You die...

...... #.... ......
#... ......# ##...
#.....#
+%...##########
.....# .
##>...........
..... ...
#.............
...<##..#.#........
?......#F..#.......
.#..@r∩.........
##.#...#.......
#..#.#........
#.............
##............
#............ #.
..5.... ....


You could see a giant frog, a crimson imp and a quokka.

Vanquished Creatures
  The ghost of kirsanium the Skirmisher, an amateur OgFi (D:3)
  A crimson imp (D:5)
  A centaur skeleton (D:4)
  3 hounds
  A giant frog skeleton (D:5)
  An orc priest (D:5)
  An iguana (D:4)
  Terence (D:3)
  5 worker ants
  3 adders
  3 gnolls
  An ooze (D:5)
  3 worms
  4 giant geckos
  7 orcs
  2 giant cockroaches
  11 goblins
  7 hobgoblins
  14 jackals
  10 kobolds
  2 quokkas
  8 bats
  5 giant newts
  7 rats
102 creatures vanquished.

Notes
Turn   | Place    | Note
--------------------------------------------------------------
     0 | D:1      | Gruud the Ogre Warper began the quest for the Orb.
     0 | D:1      | Reached XP level 1. HP: 22/22 MP: 3/3
   238 | D:1      | Reached skill level 3 in Maces & Flails
   242 | D:1      | Reached XP level 2. HP: 19/29 MP: 5/5
   429 | D:1      | Learned a level 2 spell: Blink
   508 | D:1      | Reached XP level 3. HP: 32/36 MP: 6/6
   629 | D:2      | Reached skill level 4 in Maces & Flails
   697 | D:3      | Found an oddly glowing altar of Pakellas.
   710 | D:3      | Found an iron altar of Okawaru.
   769 | D:3      | Noticed Terence
   981 | D:2      | Found a shadowy altar of Dithmenos.
  1127 | D:2      | Learned a level 3 spell: Portal Projectile
  1189 | D:2      | Reached XP level 4. HP: 29/44 MP: 7/7
  1889 | D:3      | Noticed kirsanium's ghost (amateur OgFi)
  1926 | D:3      | Killed kirsanium's ghost
  1926 | D:3      | Reached skill level 6 in Maces & Flails
  1926 | D:3      | Reached XP level 5. HP: 25/50 MP: 8/8
  1926 | D:3      | Reached XP level 6. HP: 29/59 MP: 9/9
  2596 | D:3      | Killed Terence
  3304 | D:4      | Reached skill level 7 in Maces & Flails
  3304 | D:4      | Reached XP level 7. HP: 11/66 MP: 10/10
  3730 | D:4      | Reached skill level 5 in Throwing
  3780 | D:4      | Noticed Grinder
  3797 | D:4      | Paralysed by Grinder for 5 turns
  3809 | D:4      | Paralysed by Grinder for 6 turns
  3821 | D:4      | Paralysed by Grinder for 3 turns
  4183 | D:4      | Found a stormy altar of Qazlal.
  4236 | D:4      | Became a worshipper of Qazlal Stormbringer
  4508 | D:4      | Paralysed by Grinder for 7 turns
  4816 | D:5      | Entered Level 5 of the Dungeon
  5108 | D:5      | Found a staircase to the Ecumenical Temple.
  5338 | D:5      | Reached skill level 8 in Maces & Flails
  5338 | D:5      | HP: 3/66 [something/magic dart (5)]
  5340 | D:5      | Found Ruhan's Quality Used Wands.
  5341 | D:5      | HP: 1/66 [giant frog (1)]
  5344 | D:5      | Slain by a quokka

Vault maps used:
D:1:      sevenhm_arrival_forest_fort_large_2
D:2:      lemuel_doored_altar
D:3:      grunt_temple_overflow_open, uniq_terence
D:4:      grunt_qazlal_sundering, kennysheep_cross_bottleneck, uniq_grinder
D:5:      kennysheep_little_box, minmay_temple_entry_statues_pillars,
          first_bread, nicolae_for_you_no_charge

Action                   |  1- 3 |  4- 6 |  7- 9 || total
-------------------------+-------+-------+-------++-------
Melee: Mace              |   132 |   197 |   150 ||   479
       Whip              |       |    61 |       ||    61
Throw: Stone             |    16 |    15 |     7 ||    38
       Tomahawk          |       |       |     8 ||     8
  Use: Scroll            |     5 |     1 |     4 ||    10
       Potion            |       |     2 |     1 ||     3
 Stab: Sleeping          |       |     1 |       ||     1
  Eat: Chunk             |       |     8 |     6 ||    14
